 Dungeon Crawl Stone Soup version 0.25-a0-339-gb37b713d4c (console) character file.

Game seed: 8928952181087665566, levelgen mode: deterministic

83701 nht the Severer (level 15, -6/139 HPs)
             Began as a Minotaur Berserker on Dec 28, 2019.
             Was a High Priest of Trog.
             Mangled by a death knight
             ... wielding a +4 halberd
              (18 damage)
             ... on level 14 of the Dungeon.
             The game lasted 00:30:03 (17038 turns).

nht the Severer (Minotaur Berserker)               Turns: 17038, Time: 00:30:04

Health: -6/139     AC: 24    Str: 26    XL:     15   Next: 33%
Magic:  14/14      EV:  9    Int:  4    God:    Trog [*****.]
Gold:   960        SH:  0    Dex: 16    Spells: 14/14 levels left

rFire    + . .     SeeInvis .   L - +9 executioner's axe (drain)
rCold    . . .     Gourm    .   (shield currently unavailable)
rNeg     . . .     Faith    .   U - +0 plate armour {rF+}
rPois    +         Spirit   .   (helmet restricted)
rElec    .         Reflect  .   I - +0 cloak {MR+}
rCorr    +         Harm     .   Z - +0 pair of gloves (curse)
MR       ++...                  a - +0 pair of boots of the Forest {rCorr Str-2 Dex+6}
Stlth    ..........             z - amulet of magic regeneration
HPRegen  0.33/turn              M - +3 ring of protection
MPRegen  0.39/turn              p - ring of poison resistance

@: no status effects
A: retaliatory headbutt, horns 2
a: Berserk, Trog's Hand, Brothers in Arms, Renounce Religion


You were on level 14 of the Dungeon.
You worshipped Trog.
Trog was extremely pleased with you.
You were not hungry.

You visited 3 branches of the dungeon, and saw 22 of its levels.
You also visited: Ice Cave.

You collected 1961 gold pieces.
You spent 1001 gold pieces at shops.

Inventory:

Hand Weapons
 A - the +6 war axe "Wigef" {elec, rC+ rN+ MP+9 Int+3}
   (You found it on level 5 of the Dungeon)

   Occasionally, upon striking a foe, it will discharge some electrical energy
   and cause terrible harm.
   It affects your intelligence (+3).
   It protects you from cold.
   It protects you from negative energy.
   It affects your magic capacity (+9).
 L - a +9 executioner's axe of draining (weapon)
Missiles
 e - 11 silver javelins
 h - 15 curare-tipped darts
 l - 50 boomerangs (quivered)
 m - 3 throwing nets
 x - 85 poisoned darts
 V - 8 javelins
Armour
 a - the +0 pair of boots of the Forest (worn) {rCorr Str-2 Dex+6}
   (You acquired it on level 9 of the Dungeon)

   It affects your strength (-2).
   It affects your dexterity (+6).
   It provides partial protection from all sources of acid and corrosion.
 I - a +0 cloak of magic resistance (worn)
 U - a +0 plate armour of fire resistance (worn)
 Z - a cursed +0 pair of gloves (worn)
Jewellery
 f - an uncursed ring of protection from cold
 p - a ring of poison resistance (right hand)
 z - an amulet of magic regeneration (around neck)
 C - an uncursed ring of protection from cold
 M - a +3 ring of protection (left hand)
Wands
 b - a wand of disintegration (20)
 g - a wand of digging (2)
 y - a wand of paralysis (1)
 H - a wand of polymorph (18)
 X - a wand of flame (11)
Scrolls
 d - 5 scrolls of immolation
 i - 9 scrolls of remove curse
 k - 6 scrolls of blinking
 s - 11 scrolls of magic mapping
 u - a scroll of torment {unknown}
 B - 5 scrolls of teleportation
 D - 5 scrolls of enchant armour
 E - 2 scrolls of fog
 O - 5 scrolls of identify
 Q - 2 scrolls of enchant weapon
 R - a scroll of holy word
 W - 2 scrolls of fear
Potions
 j - 5 potions of might
 o - 4 potions of mutation
 q - 9 potions of curing
 r - 3 potions of agility
 t - 4 potions of magic
 v - 3 potions of cancellation
 w - a potion of brilliance
 F - 5 potions of heal wounds
 G - a potion of resistance
 J - a potion of berserk rage
 K - a potion of flight
 N - a potion of invisibility
 P - 3 potions of haste
 T - a potion of lignification
Miscellaneous
 n - 2 sacks of spiders
 Y - a fan of gales
Comestibles
 c - 35 rations
 S - 19 chunks of flesh


   Skills:
 + Level 14.7 Fighting
 * Level 19.5 Axes
 + Level 12.3 Throwing
 + Level 14.6 Armour
 - Level 2.1 Dodging


You had 14 spell levels left.
You didn't know any spells.
Your spell library was empty.

Dungeon Overview and Level Annotations

Branches:
Dungeon (14/15)            Temple (0/1) D:4            Lair (6/6) D:10
  Swamp (0/4) Lair:3        Snake (0/4) Lair:2        Slime (0/5) Lair:6
    Orc (2/2) D:12            Elf (0/3) Orc:2         IceCv (visited)
 Vaults: D:13-14

Altars:
Ashenzari
Cheibriados
Dithmenos
Gozag
Hepliaklqana
Makhleb
Okawaru
Qazlal
Ru
Uskayaw
Wu Jian
Xom
The Shining One
Beogh
Lugonu

Shops:
D:5 *   D:10 (   D:12 (   Orc:2 *}[*

Annotations:
D:8 2 transporters


Innate Abilities, Weirdness & Mutations

You reflexively headbutt those who attack you in melee.
You have a pair of horns on your head.


Message History

* * * LOW HITPOINT WARNING * * *
The death knight's dark mirror aura disappears.
The death knight closely misses you. You furiously retaliate!
You headbutt the death knight.
Unknown command.
Your plate armour prevents you from hitting the death knight.
The death knight is heavily wounded.
The death knight hits you with a +4 halberd!!
* * * LOW HITPOINT WARNING * * *
You are too injured to fight recklessly!
You are too injured to fight recklessly!
You are too injured to fight recklessly!
You are too injured to fight recklessly!
The death knight hits you from afar with a +4 halberd.
* * * LOW HITPOINT WARNING * * *
There is an open door, spattered with blood here.
Your two-headed ogre goes berserk!
You feel quite a bit more hungry.
The death knight hits you from afar with a +4 halberd!!
You die... █ █ ██████████

█
██........████████████
█..O█████.............
█.)p'...████.█████████
█..)█@..█ █.█
█...███'████.██ █
.'...█ █...██..██ █
...█...█ █.█(██...███
█ █...█...█
█.█..(.....██ █ █..
█...█ +.██.)(...█.█ █
██ █...█ ███(..(()).██
█ ██.██ ████)..█(█████
██.██......


You could see a death knight and a friendly two-headed ogre (berserk).

Vanquished Creatures
  Rupert (Lair:3)
  Donald (Orc:2)
  Kirke (D:14)
  An orc warlord (Orc:2)
  A stone giant (Orc:1)
  2 hydras
  An ice dragon (D:13)
  2 catoblepae (Lair:3)
  Erica (D:10)
  4 centaur warriors
  11 two-headed ogres
  Sonja (Lair:3)
  4 orc high priests (Orc:2)
  Urug (Lair:4)
  A skeletal warrior (D:13)
  2 unseen horrors (D:14)
  A swamp dragon (Lair:3)
  A wizard (D:14)
  4 orc knights (Orc:2)
  3 cyclopes
  3 orc sorcerers (Orc:2)
  A deep elf mage (D:13)
  3 ugly things
  An elephant (shapeshifter) (D:13)
  Maurice (D:8)
  10 spiny frogs
  A black mamba (Lair:4)
  3 gargoyles
  3 centaur skeletons
  2 ice statues (IceCv)
  4 komodo dragons
  6 polar bears
  9 trolls
  7 hornets
  12 blink frogs
  10 dream sheep (Lair:6)
  7 hippogriffs
  A meliai zombie (D:14)
  A slime creature (Lair:6)
  A wraith (D:12)
  2 vampires
  67 yaks
  15 spriggans
  4 hogs (D:14)
  4 basilisks
  Eustachio (D:6)
  A hungry ghost (D:7)
  A warg (Orc:2)
  A soldier ant (D:11)
  2 nagas (Lair:2)
  20 water moccasins
  6 ice beasts (IceCv)
  8 porcupines
  An eye of draining (D:10)
  42 orc warriors
  2 phantoms (D:9)
  4 black bears (Lair:6)
  A necrophage (D:13)
  15 ogres
  8 sky beasts
  15 centaurs
  4 boggarts (Lair:6)
  19 wolves
  14 crocodiles
  A gnoll sergeant (D:7)
  2 big kobolds
  20 bullfrogs
  A wyvern zombie (D:11)
  A water moccasin skeleton (D:8)
  6 scorpions
  8 wights
  4 killer bees (D:7)
  4 howler monkeys
  5 crimson imps
  2 centaur zombies
  3 bullfrog zombies
  8 jellies
  41 orc priests
  4 hounds
  25 orc wizards
  3 bullfrog skeletons
  3 iguanas
  Natasha (twice) (D:2)
  7 worker ants
  A hound skeleton (D:4)
  A howler monkey zombie (D:6)
  A worker ant zombie (D:9)
  10 gnolls
  13 adders
  A shadow imp (D:13)
  An ooze (D:1)
  An adder skeleton (D:4)
  A worm (D:9)
  2 dart slugs
  3 leopard geckos
  122 orcs
  6 giant cockroaches
  8 goblins
  12 hobgoblins
  12 jackals
  8 quokkas
  3 bats
  3 frilled lizards
  2 giant cockroach zombies
  2 jackal skeletons
  11 kobolds
  2 leopard gecko skeletons (D:5)
  4 rats
  A fungus (Lair:4)
  6 plants
774 creatures vanquished.

Vanquished Creatures (collateral kills)
  A wraith (D:13)
1 creature vanquished.

Vanquished Creatures (others)
  5 fungi
  6 plants
11 creatures vanquished.

Grand Total: 786 creatures vanquished

Notes
Turn   | Place    | Note
-------+----------+-------------------------------------------
     0 | D:1      | nht the Minotaur Berserker began the quest for the Orb.
     0 | D:1      | Reached XP level 1. HP: 19/19 MP: 0/0
   164 | D:1      | Reached XP level 2. HP: 26/27 MP: 1/1
   267 | D:1      | Reached skill level 4 in Axes
   628 | D:2      | Noticed Natasha
   631 | D:2      | Noticed a crimson imp
   634 | D:2      | Killed Natasha
   634 | D:2      | Reached skill level 1 in Throwing
   634 | D:2      | Reached XP level 3. HP: 26/33 MP: 2/2
   699 | D:2      | Found a stormy altar of Qazlal.
   699 | D:2      | Found a hazy altar of Hepliaklqana.
   751 | D:2      | Noticed Natasha
   763 | D:2      | Killed Natasha
   763 | D:2      | Reached XP level 4. HP: 13/40 MP: 3/3
   856 | D:2      | Reached ** piety under Trog
  1025 | D:2      | Found a burning altar of Makhleb.
  1030 | D:2      | HP: 2/41 [hound (3)]
  1030 | D:2      | Reached skill level 5 in Axes
  1106 | D:2      | Reached XP level 5. HP: 11/47 MP: 4/4
  1220 | D:3      | Found a hide-covered altar of Uskayaw.
  1244 | D:3      | Found a glowing golden altar of the Shining One.
  1849 | D:4      | Noticed an ogre
  1853 | D:4      | Killed an ogre
  1861 | D:4      | Reached XP level 6. HP: 55/55 MP: 5/5
  1869 | D:4      | Reached skill level 5 in Fighting
  1869 | D:4      | Reached skill level 6 in Axes
  1913 | D:4      | Found a staircase to the Ecumenical Temple.
  2051 | D:4      | Found an iron altar of Okawaru.
  2193 | D:4      | Noticed an orc warrior
  2200 | D:4      | Killed an orc warrior
  2200 | D:4      | Reached XP level 7. HP: 61/61 MP: 6/6
  2202 | D:4      | Reached *** piety under Trog
  2469 | D:4      | Found a sacrificial altar of Ru.
  2596 | D:5      | Entered Level 5 of the Dungeon
  2621 | D:5      | Reached skill level 7 in Axes
  2621 | D:5      | Reached skill level 5 in Armour
  2785 | D:5      | Got a fine war axe
  2786 | D:5      | Identified the +6 war axe "Wigef" {elec, rC+ rN+ MP+9
                  | Int+3} (You found it on level 5 of the Dungeon)
  2976 | D:5      | Reached XP level 8. HP: 61/70 MP: 7/7
  2978 | D:5      | Reached skill level 8 in Axes
  2980 | D:5      | Found an ornate altar of the Wu Jian Council.
  2984 | D:5      | Found Etithir's General Store.
  3002 | D:5      | Bought a scroll of teleportation for 39 gold pieces
  3002 | D:5      | Bought a scroll of magic mapping for 45 gold pieces
  3002 | D:5      | Bought a scroll of teleportation for 39 gold pieces
  3538 | D:6      | Found a shattered altar of Ashenzari.
  3573 | D:6      | Noticed Eustachio
  3583 | D:6      | Killed Eustachio
  3583 | D:6      | Reached skill level 9 in Axes
  3632 | D:6      | Found a shimmering altar of Xom.
  4007 | D:6      | Reached skill level 5 in Throwing
  4007 | D:6      | Reached XP level 9. HP: 78/79 MP: 8/8
  4119 | D:6      | Reached **** piety under Trog
  4263 | D:7      | Reached skill level 10 in Axes
  4369 | D:7      | Found a shimmering altar of Xom.
  4491 | D:7      | Reached skill level 11 in Axes
  4772 | D:8      | Found a corrupted altar of Lugonu.
  4772 | D:8      | Noticed a brown ugly thing
  4775 | D:8      | Noticed a red ugly thing
  4926 | D:8      | Reached ***** piety under Trog
  4926 | D:8      | Received a gift from Trog
  4926 | D:8      | Reached XP level 10. HP: 71/90 MP: 9/9
  4974 | D:8      | Noticed a two-headed ogre
  4980 | D:8      | Killed a two-headed ogre
  5227 | D:8      | Noticed Maurice
  5241 | D:8      | Killed Maurice
  5278 | D:8      | Found a transporter.
  5279 | D:8      | Found a transporter.
  5281 | D:8      | Noticed a purple ugly thing
  5281 | D:8      | Noticed a green ugly thing
  5501 | D:9      | Reached skill level 12 in Axes
  5624 | D:9      | Found an opulent altar of Gozag.
  5787 | D:9      | Found a shadowy altar of Dithmenos.
  5787 | D:9      | Noticed a two-headed ogre
  5794 | D:9      | Killed a two-headed ogre
  5794 | D:9      | Received a gift from Trog
  5810 | D:9      | Identified a scroll of acquirement
  5811 | D:9      | Got a pair of translucent boots
  5822 | D:9      | Identified the +0 pair of boots of the Forest {rCorr Str-2
                  | Dex+6} (You acquired it on level 9 of the Dungeon)
  5907 | D:9      | Found a snail-covered altar of Cheibriados.
  6200 | D:9      | Reached XP level 11. HP: 96/99 MP: 10/10
  6253 | D:10     | Entered Level 10 of the Dungeon
  6273 | D:10     | Found Dioroa's Weapon Emporium.
  6298 | D:10     | Reached skill level 13 in Axes
  6465 | D:10     | Found a staircase to the Lair.
  6554 | D:10     | Noticed Erica
  6583 | D:10     | Killed Erica
  6583 | D:10     | Reached skill level 10 in Fighting
  6699 | D:10     | Noticed a two-headed ogre
  6706 | D:10     | Killed a two-headed ogre
  6706 | D:10     | Reached skill level 10 in Armour
  6892 | Lair:1   | Entered Level 1 of the Lair of Beasts
  7022 | Lair:1   | Reached skill level 14 in Axes
  7783 | Lair:2   | Received a gift from Trog
  8123 | Lair:2   | Found a staircase to the Snake Pit.
  8314 | Lair:3   | Noticed a catoblepas
  8355 | Lair:3   | Noticed a catoblepas
  8440 | Lair:3   | Killed a catoblepas
  8440 | Lair:3   | Reached XP level 12. HP: 79/110 MP: 11/11
  8467 | Lair:3   | Killed a catoblepas
  8558 | Lair:3   | Found a staircase to the Swamp.
  8597 | Lair:3   | Reached skill level 15 in Axes
  8667 | Lair:3   | Noticed Rupert
  8680 | Lair:3   | Killed Rupert
  8729 | Lair:3   | Noticed Sonja
  8733 | Lair:3   | Killed Sonja
  9309 | Lair:4   | Noticed an eight-headed hydra
  9320 | Lair:4   | Killed an eight-headed hydra
  9392 | Lair:4   | Reached skill level 16 in Axes
  9483 | Lair:4   | Noticed Urug
  9493 | Lair:4   | Killed Urug
  9493 | Lair:4   | Reached skill level 10 in Throwing
  9493 | Lair:4   | Reached XP level 13. HP: 55/118 MP: 12/12
  9600 | Lair:4   | Received a gift from Trog
 10496 | Lair:6   | Entered Level 6 of the Lair of Beasts
 10761 | Lair:6   | Received a gift from Trog
 10761 | Lair:6   | Reached skill level 17 in Axes
 10983 | Lair:6   | Found a staircase to the Slime Pits.
 11753 | D:11     | Received a gift from Trog
 12230 | D:11     | Reached XP level 14. HP: 122/129 MP: 13/13
 12601 | D:12     | Found a staircase to the Orcish Mines.
 12854 | D:12     | Received a gift from Trog
 12880 | D:12     | Found Milex's Antique Weapon Shoppe.
 13395 | D:13     | Found a frozen archway.
 13422 | D:13     | Reached skill level 18 in Axes
 13443 | IceCv    | Entered an ice cave
 13462 | IceCv    | Found a transporter.
 13506 | IceCv    | Found a transporter.
 14487 | Orc:1    | Entered Level 1 of the Orcish Mines
 14487 | Orc:1    | Noticed a stone giant
 14511 | Orc:1    | Killed a stone giant
 14765 | Orc:2    | Entered Level 2 of the Orcish Mines
 14769 | Orc:2    | Received a gift from Trog
 15246 | Orc:2    | Found a roughly hewn altar of Beogh.
 15246 | Orc:2    | Noticed Donald
 15270 | Orc:2    | Killed Donald
 15686 | Orc:2    | Found Yklextag's Assorted Antiques.
 15695 | Orc:2    | Bought a potion of lignification for 63 gold pieces
 15695 | Orc:2    | Bought a potion of heal wounds for 105 gold pieces
 15701 | Orc:2    | Found Beduim's Armour Shop.
 15712 | Orc:2    | Bought a +0 cloak of magic resistance for 184 gold pieces
 15961 | Orc:2    | Noticed an orc warlord
 15983 | Orc:2    | Killed an orc warlord
 16019 | Orc:2    | Received a gift from Trog
 16029 | Orc:2    | Found a roughly hewn altar of Beogh.
 16042 | Orc:2    | Found Neyd's Assorted Antiques.
 16055 | Orc:2    | Bought a scroll of fog for 62 gold pieces
 16055 | Orc:2    | Bought a scroll of blinking for 232 gold pieces
 16055 | Orc:2    | Bought a gold wand for 124 gold pieces
 16055 | Orc:2    | Bought a scroll of fear for 108 gold pieces
 16108 | Orc:2    | Reached skill level 19 in Axes
 16163 | Orc:2    | Found Burchyit's Gadget Shoppe.
 16320 | Orc:2    | Reached XP level 15. HP: 120/139 MP: 14/14
 16363 | Orc:2    | Found a staircase to the Elven Halls.
 16436 | Orc:2    | Got a smoking leather armour
 16502 | Orc:2    | Identified the +1 leather armour of Qazlal {rF+} (You found
                  | it on level 2 of the Orcish Mines)
 16843 | D:14     | Noticed Kirke
 16861 | D:14     | Killed Kirke
 16861 | D:14     | Received a gift from Trog
 17038 | D:14     | Mangled by a death knight

Levels and vault maps discovered:
D:1:      dpeg_arrival_three_bigger_balls, layout_basic
D:2:      layout_rooms, makhleb_heckhound_becter,
          amethyst_overflow_temple_binary, grunt_ministairs_7, uniq_natasha
D:3:      layout_loops_ring, overflow_temple_1_default,
          eat_drink_and_be_merry_uskayaw, grunt_ministairs_10,
          kennysheep_generic_room_12
D:4:      layout_basic, nicolae_ru_path_of_blood, okawaru_gym_becter,
          minmay_temple_entry_wispy, first_ration, minmay_goblin_kobold_house
D:5:      layout_cave_pools, lemuel_round_altar, serial_co_window_serial,
          co_window_corner_a, co_window_paths_a, co_window_paths_b,
          co_window_paths_a, co_window_paths_b, co_window_paths_a,
          co_window_corner_a, co_window_of_opportunity_b, co_window_corner_b,
          co_window_2corner, co_window_cross_2, serial_shops,
          nicolae_shop_trees, st_stairs_14
D:6:      layout_basic, cheibrodos_ashenzari_chains, brannock_xom_greatest_gift,
          uniq_eustachio
D:7:      layout_rooms, basic_altar, the_bakery, dk_noncrumbling_3
D:8:      gammafunk_corrupted_shrine, layout_basic, uniq_maurice
D:9:      layout_basic, cheibrodos_worm_habitat, nicolae_overflow_crystal_walls,
          kennysheep_mini, minmay_checkerbox
D:10:     layout_basic, david_lair_shrubbed, serial_shops,
          nicolae_shop_waterfront, kennysheep_generic_room_4, uniq_erica
D:11:     layout_basic
D:12:     layout_irregular_city, hiddenorc2_lemuel, serial_column_ruins,
          column_ruins_hut, column_ruins_hut, column_ruins_columns_corner,
          column_ruins_grid_1, column_ruins_columns_straight,
          column_ruins_grid_1, column_ruins_open_tiny, column_ruins_grid_2,
          serial_shops, nicolae_shop_overgrown_old_shop
D:13:     layout_gridville, portal_ice_cave_entry_animals_and_master,
          serial_glass, glass_columns_b, glass_columns_b, hangedman_decor_lopped
D:14:     layout_loops_ring, david_vaults_1, nicolae_twisting_strands,
          eino_house_with_fridge, uniq_kirke
Lair:1:   layout_regular_city
Lair:2:   layout_chaotic_city, guppyfry_snake_entry_garden
Lair:3:   layout_cave_pods, minmay_swamp_entry_reptiles, beast_lair_carwin_4,
          infiniplex_staircase_pool, grunt_megastairs_5, uniq_rupert, uniq_sonja
Lair:4:   layout_loops_ring, uniq_urug
Lair:5:   layout_gridlike
Lair:6:   minmay_lair_end_enchanted_forest, layout_gridlike,
          minmay_slime_entry_pillars
Orc:1:    layout_caves
Orc:2:    pubby_orc_utopia, serial_shops, uniq_donald

Skill      XL: |  1  2  3  4  5  6  7  8  9 10 11 12 13 14 |
---------------+-------------------------------------------+-----
Axes           | 4 5 6 7 9 11 12 14 16 17 19 | 19.5
Fighting       | 4 5 6 7 8 9 11 12 13 14 | 14.7
Throwing       | 1 2 3 5 6 7 8 10 11 12 | 12.3
Armour         | 3 4 5 6 8 9 10 12 13 14 | 14.6
Dodging        | |  2.1

Action                   |  1- 3 |  4- 6 |  7- 9 | 10-12 | 13-15 || total
-------------------------+-------+-------+-------+-------+-------++-------
Melee: Hand axe          |    37 |   104 |    41 |       |       ||   182
       Headbutt          |     4 |    24 |    33 |    90 |   157 ||   308
       War axe           |       |       |   183 |   371 |   560 ||  1114
       Battleaxe         |       |       |       |       |     9 ||     9
       Executioner's axe |       |       |       |       |   141 ||   141
       Unarmed           |       |       |       |       |    11 ||    11
Throw: Boomerang         |       |       |     5 |    33 |   206 ||   244
       Dart              |       |       |       |     3 |     5 ||     8
       Javelin           |       |       |       |       |    22 ||    22
Invok: Berserk           |       |     4 |     2 |     6 |     8 ||    20
       Brothers in Arms  |       |       |       |     1 |     3 ||     4
       Trog's Hand       |       |       |       |     1 |     1 ||     2
Evoke: Wand              |       |       |       |    21 |    13 ||    34
  Use: Scroll            |       |     4 |     6 |    16 |     8 ||    34
       Potion            |       |       |       |       |     3 ||     3
 Stab: Paralysed         |       |       |       |     4 |       ||     4
       Petrified         |       |       |       |     4 |       ||     4
  Eat: Chunk             |       |     7 |    15 |    19 |    31 ||    72
       Ration            |       |       |       |       |     1 ||     1
Armor: Animal skin       |     3 |     4 |       |       |       ||     7
       Chain mail        |       |    39 |     8 |       |       ||    47
       Plate armour      |       |       |   119 |   149 |   417 ||   685
Dodge: Dodged            |    33 |    54 |    79 |    85 |   260 ||   511

Table legend:
 A = Non-vault XP
 B = Vault XP
 C = Vault XP percentage of total XP
 D = Non-vault monster count
 E = Vault monster count
 F = Vault count percentage of total count
                 A         B        C        D         E       F
            +---------+---------+-------+---------+---------+-------
      Total |   67812 |   51761 |  43.3 |     476 |     292 |  38.0
            +---------+---------+-------+---------+---------+-------
        D:1 |      27 |       0 |   0.0 |      12 |       0 |   0.0
        D:2 |      90 |      81 |  47.4 |      16 |       4 |  20.0
        D:3 |      24 |       8 |  25.0 |      13 |       3 |  18.8
        D:4 |     591 |      14 |   2.3 |      25 |       7 |  21.9
        D:5 |     947 |      67 |   6.6 |      22 |       1 |   4.3
        D:6 |    1040 |     191 |  15.5 |      21 |       1 |   4.5
        D:7 |    1616 |     205 |  11.3 |      26 |       1 |   3.7
        D:8 |    1814 |     480 |  20.9 |      20 |       1 |   4.8
        D:9 |    3774 |     100 |   2.6 |      32 |       4 |  11.1
       D:10 |    2009 |    1393 |  40.9 |      22 |       4 |  15.4
       D:11 |    5248 |       0 |   0.0 |      33 |       0 |   0.0
       D:12 |    2271 |     591 |  20.6 |      33 |      32 |  49.2
       D:13 |    8000 |    2432 |  23.3 |      27 |       8 |  22.9
       D:14 |    7836 |    4729 |  37.6 |      24 |       9 |  27.3
     Lair:1 |    4483 |       0 |   0.0 |      24 |       0 |   0.0
     Lair:2 |    1335 |     329 |  19.8 |      10 |       2 |  16.7
     Lair:3 |    3768 |    7556 |  66.7 |      19 |      16 |  45.7
     Lair:4 |    6930 |     811 |  10.5 |      28 |       1 |   3.4
     Lair:5 |    3969 |       0 |   0.0 |      18 |       0 |   0.0
     Lair:6 |   10300 |    7964 |  43.6 |      45 |      47 |  51.1
      Orc:1 |    1740 |       0 |   0.0 |       6 |       0 |   0.0
      Orc:2 |       0 |   21998 | 100.0 |       0 |     141 | 100.0
      IceCv |       0 |    2812 | 100.0 |       0 |      10 | 100.0
            +---------+---------+-------+---------+---------+-------
